 Dungeon Crawl Stone Soup version 0.22-a0-247-gbddf880 (webtiles) character file.

231 JeffiDaFish the Firebug (level 5, -4/38 HPs)
             Began as a Draconian Fire Elementalist on Feb 27, 2018.
             Was an Initiate of Vehumet.
             Slain by an ogre
             ... wielding a +0 giant club
              (18 damage)
             ... on level 4 of the Dungeon.
             The game lasted 00:10:04 (4370 turns).

JeffiDaFish the Firebug (DrFE)                      Turns: 4370, Time: 00:10:04

Health: -4/38      AC:  5    Str: 10    XL:     5   Next: 72%
Magic:  0/10       EV: 12    Int: 16    God:    Vehumet [......]
Gold:   185        SH:  0    Dex: 12    Spells: 2/11 levels left

rFire    . . .     SeeInvis .   c - +0 trident
rCold    . . .     Gourm    .   (no shield)
rNeg     . . .     Faith    .   (armour unavailable)
rPois    .         Spirit   .   (helmet restricted)
rElec    .         Reflect  .   (no cloak)
rCorr    .         Harm     .   (no gloves)
MR       .....                  (no boots)
Stlth    +.........             (no amulet)
HPRegen  0.12/turn              j - ring of loudness (curse)
MPRegen  0.12/turn              (no ring)

@: very slightly contaminated
A: unfitting armour, cold-blooded, AC +5
a: Renounce Religion


You were on level 4 of the Dungeon.
You worshipped Vehumet.
Vehumet was noncommittal.
You were hungry.

You visited 1 branch of the dungeon, and saw 4 of its levels.

You collected 185 gold pieces.

Inventory:

Hand Weapons
 b - a +0 halberd
 c - a +0 trident (weapon)
Jewellery
 j - a cursed ring of loudness (left hand)
Scrolls
 e - a scroll of teleportation
 f - 2 scrolls of fear
 h - 2 scrolls of amnesia
Potions
 d - 2 potions of brilliance
 g - a potion of haste
Comestibles
 a - 5 rations


   Skills:
 - Level 1.7 Dodging
 - Level 1.7 Stealth
 * Level 3.7 Spellcasting
 + Level 2.4 Conjurations
 * Level 4.9 Fire Magic


You had 2 spell levels left.
You knew the following spells:

 Your Spells              Type           Power        Failure   Level  Hunger
a - Flame Tongue          Conj/Fire      ##...        3%          1    None
b - Throw Flame           Conj/Fire      ##....       6%          2    ##.....
c - Conjure Flame         Conj/Fire      ##......     12%         3    ###....
d - Inner Flame           Hex/Fire       ##......     19%         3    ###....


Dungeon Overview and Level Annotations

Branches:
Dungeon (4/15)
 Temple: D:4-7

Altars:
Hepliaklqana
Qazlal
Vehumet
Wu Jian
Xom


Innate Abilities, Weirdness & Mutations

Your plain brown scales are hard. (AC +5)
You cannot fit into any form of body armour.
You are cold-blooded and may be slowed by cold attacks.


Message History

* * * LOW HITPOINT WARNING * * *
The frilled lizard unfolds its giant frill.
There is a stone staircase leading up here.
Casting: Flame Tongue (safe; 3% risk of failure)
Confirm with . or Enter, or press ? or * to list all spells.
Aiming: Throw Flame (safe; 6% risk of failure)
Press: ? - help, Shift-Dir - straight line, f/p - ogre
Aim: an ogre, wielding a giant club (lightly wounded)
You miscast Throw Flame.
You are very lightly contaminated with residual magic.
Sparks fly from your hands! The ogre closely misses you.
Casting: Throw Flame (safe; 6% risk of failure)
Confirm with . or Enter, or press ? or * to list all spells.
Aiming: Flame Tongue (safe; 3% risk of failure)
Press: ? - help, Shift-Dir - straight line, f/p - ogre
Aim: an ogre, wielding a giant club (lightly wounded)
The flame tongue hits the ogre.
The ogre is moderately wounded.
The ogre hits you with a giant club!!
You die...

........%......#
............##†#
.)###.###..###l# #
#..# #.# #..#
#.########## #..#
#......l...# #..#
##########.#
..#.#..############l#
..........@Ol......#.#
........>#########.#.#
########.# ##....# #.#
#.#.#.# ... #.....#
#.## #.#.#^# #.#
#....## #.# #.#.##
#.#.#


You could see an ogre and a frilled lizard.

Vanquished Creatures
  An orc priest (D:3)
  An orc wizard (D:3)
  A worker ant (D:4)
  5 adders
  A gnoll (D:3)
  An ooze (D:1)
  An adder skeleton (D:2)
  2 worms
  A dart slug (D:1)
  A leopard gecko (D:1)
  4 orcs (D:3)
  7 bats
  A giant cockroach (D:1)
  9 goblins
  7 hobgoblins
  12 jackals
  3 quokkas
  A ball python (D:1)
  4 frilled lizards
  6 kobolds
  6 rats
75 creatures vanquished.

Vanquished Creatures (others)
  5 dream sheep (D:3)
5 creatures vanquished.

Grand Total: 80 creatures vanquished

Notes
Turn   | Place    | Note
-------+----------+-------------------------------------------
     0 | D:1      | JeffiDaFish the Draconian Fire Elementalist began the quest for the Orb.
     0 | D:1      | Reached XP level 1. HP: 14/14 MP: 3/3
   269 | D:1      | Reached XP level 2. HP: 20/20 MP: 1/5
  1080 | D:1      | Reached XP level 3. HP: 26/26 MP: 3/6
  1097 | D:1      | Learned a level 2 spell: Throw Flame
  1731 | D:2      | Reached skill level 4 in Fire Magic
  1848 | D:2      | Learned a level 3 spell: Conjure Flame
  2402 | D:2      | Reached XP level 4. HP: 30/33 MP: 3/8
  2888 | D:2      | Found a stormy altar of Qazlal.
  2893 | D:2      | Found an ornate altar of the Wu Jian Council.
  2894 | D:2      | Found a hazy altar of Hepliaklqana.
  2899 | D:2      | Learned a level 3 spell: Inner Flame
  2966 | D:3      | Reached XP level 5. HP: 9/38 MP: 0/10
  3410 | D:3      | Found a transporter.
  3427 | D:3      | Found a transporter.
  3436 | D:3      | Found a radiant altar of Vehumet.
  3599 | D:3      | Became a worshipper of Vehumet
  3865 | D:3      | Found a shimmering altar of Xom.
  3865 | D:3      | Noticed a dream sheep
  3865 | D:3      | Noticed a dream sheep
  3865 | D:3      | Noticed a dream sheep
  3865 | D:3      | Noticed a dream sheep
  3865 | D:3      | Noticed a dream sheep
  3871 | D:3      | Killed a dream sheep
  3871 | D:3      | Killed a dream sheep
  3871 | D:3      | Killed a dream sheep
  3871 | D:3      | Killed a dream sheep
  3871 | D:3      | Killed a dream sheep
  4326 | D:4      | Noticed an ogre
  4370 | D:4      | Slain by an ogre

Vault maps used:
D:1:      minmay_arrival_nine_rooms
D:2:      minitemple, first_ration
D:3:      gammafunk_temple_overflow_arena, kb_xom_exploding_sheep
D:4:      fedhas_bush_and_centaur_altar

Skill      XL: |  1  2  3  4 |
---------------+-------------+-----
Fire Magic     | 4 |  4.9
Spellcasting   | 3 |  3.7
Conjurations   | 2 |  2.4
Dodging        | |  1.7
Stealth        | |  1.7

Action                   |  1- 3 |  4- 6 || total
-------------------------+-------+-------++-------
Melee: Unarmed           |    21 |       ||    21
       Dagger            |    43 |       ||    43
       Tailslap          |     9 |    10 ||    19
       Short sword       |    20 |    30 ||    50
       Trident           |       |    43 ||    43
 Cast: Flame Tongue      |    50 |    50 ||   100
       Throw Flame       |     7 |     4 ||    11
       Conjure Flame     |       |     1 ||     1
  Use: Scroll            |     5 |     2 ||     7
       Potion            |     2 |     2 ||     4
 Stab: Sleeping          |       |     1 ||     1
  Eat: Chunk             |     6 |     2 ||     8
       Ration            |       |     1 ||     1
Armor: Skin              |    33 |    28 ||    61
Dodge: Dodged            |    58 |    70 ||   128

Table legend:
 A = Spawn XP
 B = Non-spawn XP
 C = Spawn XP percentage of total XP
 D = Spawn monster count
 E = Non-spawn monster count
 F = Spawn count percentage of total count
 G = Total turns spent on level
                    A         B        C        D         E        F      G
               +---------+---------+-------+---------+---------+-------+---------
         Total |       0 |     330 |   0.0 |       0 |      75 |   0.0 |  4370
               +---------+---------+-------+---------+---------+-------+---------
           D:1 |       0 |      49 |   0.0 |       0 |      25 |   0.0 |  1655
           D:2 |       0 |     101 |   0.0 |       0 |      29 |   0.0 |  1543
           D:3 |       0 |     128 |   0.0 |       0 |      18 |   0.0 |   892
           D:4 |       0 |      52 |   0.0 |       0 |       3 |   0.0 |   280
               +---------+---------+-------+---------+---------+-------+---------
